Little Stars vs Tamiflu
Created - 5 mai 2013 at 19:38
Goals
|
| Little Stars |
2 |
0 |
2 |
4 |
| Tamiflu |
4 |
2 |
0 |
6 |
|
Shots
|
| Little Stars |
13 |
16 |
6 |
35 |
| Tamiflu |
16 |
13 |
14 |
43 |
|
1st period
1. Little Stars , Hugh Jessiman 16 (Greg Stewart) at 2:28
2. Tamiflu , Jonathan Sigalet 6 (Jani Rita, Nate Thompson) at 3:03
3. Tamiflu , Greg Mauldin 17 (David Clarkson, Jordan Hendry) at 10:24
4. Tamiflu , Jani Rita 37 (Nate Thompson) at 11:40
5. Little Stars , Hugh Jessiman 17 (Oskar Osala, Brad Isbister) at 13:38
6. Tamiflu , Petr Pohl 17 (Pavel Trnka) at 16:05
Penalties :
Mike Brown (Det) for Hooking (Minor) at 2:49, Matt Pelech (Tex) for Tripping (Minor) at 2:49, Rich Clune (Det) for Hooking (Minor) at 11:38, Paul Postma (Tex) for Hooking (Minor) at 11:38
2nd period
7. Tamiflu , Radek Bonk 25 (Petr Pohl) at 8:22
8. Tamiflu , Freddy Meyer 3 (David Clarkson, Greg Mauldin) at 10:15
Penalties :
No Penalty
3rd period
9. Little Stars , Oskar Osala 12 (Tyler Eckford, Matt Pelech) at 2:30
10. Little Stars , Matt D'Agostini 10 (Paul Postma, Yanick Lehoux) at 10:11
Penalties :
Nate Thompson (Det) for Tripping (Minor) at 11:21, Jordan Bendfeld (Tex) for Hooking (Minor) at 15:17, Matt Pelech (Tex) for Hooking (Minor) at 17:42, Greg Mauldin (Det) for Roughing (Minor) at 18:41
Goalie Stats
Alex Auld (Tex), 7 saves from 11 shots - (0,636), 16:05 minutes
Philippe Sauvé (Tex), 30 saves from 32 shots - (0,938), L, 22-14-5, 43:55 minutes
Jussi Markkanen (Det), 31 saves from 35 shots - (0,886), W, 5-15-4, 60:00 minutes
Players Stats for Little Stars
Player Name G A P +/- PIM S H SB GA TA FO MP PP MP PK MP
------------------------------------------------------------------------------------
Alexander Vasyunov 0 0 0 0 0 0 0 0 0 0 0/0 0:55 0:00 0:40
Boris Valabik 0 0 0 -3 0 1 3 4 0 2 0/0 31:14 1:21 2:10
Brad Isbister 0 1 1 -2 0 6 3 2 1 0 8/13 24:10 1:05 1:56
Cody Bass 0 0 0 0 0 0 0 0 0 0 0/0 0:32 0:00 0:32
Colton Sceviour 0 0 0 0 0 0 0 0 0 0 0/0 0:00 0:00 0:00
Greg Stewart 0 1 1 1 0 2 0 0 0 0 0/0 13:48 0:18 0:22
Hugh Jessiman 2 0 2 2 0 2 0 0 0 1 0/0 12:15 0:11 0:14
Jack Skille 0 0 0 0 0 1 4 0 0 0 0/0 14:04 0:47 0:00
Jim O'Brien 0 0 0 0 0 0 0 0 0 0 0/0 0:00 0:00 0:00
Jordan Bendfeld 0 0 0 -1 2 0 2 1 1 0 0/0 22:51 0:56 0:26
Kaspars Daugavins 0 0 0 0 0 0 0 0 0 0 0/0 0:00 0:00 0:00
Krys Kolanos 0 0 0 0 0 3 2 0 2 0 17/34 18:36 1:08 0:00
Mark Parrish 0 0 0 0 0 4 5 0 0 2 2/4 20:48 1:23 0:03
Matt D'Agostini 1 0 1 -2 0 1 0 2 0 0 0/0 8:01 0:00 0:42
Matt Halischuk 0 0 0 0 0 0 0 0 0 0 0/0 0:00 0:00 0:00
Matt Pelech 0 1 1 1 4 5 3 1 0 2 0/0 24:24 0:56 0:29
Oskar Osala 1 1 2 -1 0 3 0 0 0 0 0/0 7:19 0:07 0:00
Patrick O'Sullivan 0 0 0 0 0 4 1 0 1 0 2/10 14:04 0:47 0:00
Paul Postma 0 1 1 1 2 0 0 2 0 0 0/0 13:57 0:18 0:48
Riley Nash 0 0 0 0 0 0 0 0 0 0 0/0 0:00 0:00 0:00
Steve Regier 0 0 0 -2 0 1 1 0 0 0 1/3 19:04 0:47 1:49
Troy Bodie 0 0 0 0 0 0 0 0 0 0 0/0 0:00 0:00 0:00
Tyler Eckford 0 1 1 -1 0 0 0 5 0 1 0/0 27:26 1:21 1:41
Tyler Haskins 0 0 0 1 0 0 2 0 1 0 4/6 11:28 0:00 0:00
Yanick Lehoux 0 1 1 -2 0 2 1 2 0 0 2/3 7:04 0:00 0:00
Players Stats for Tamiflu
Player Name G A P +/- PIM S H SB GA TA FO MP PP MP PK MP
------------------------------------------------------------------------------------
Carson Mcmillan 0 0 0 0 0 0 0 1 0 0 0/4 7:38 0:39 0:54
Colin Greening 0 0 0 -1 0 1 0 0 1 0 2/2 7:47 0:00 1:02
David Clarkson 0 2 2 0 0 1 3 3 1 0 0/0 10:41 0:39 0:00
Freddy Meyer 1 0 1 3 0 2 0 0 0 1 0/0 19:44 0:59 1:16
Greg Mauldin 1 1 2 1 2 7 0 1 0 0 2/7 13:46 1:31 0:22
Jan Mursak 0 0 0 1 0 2 2 0 0 0 0/0 10:03 0:00 0:04
Jani Rita 1 1 2 0 0 4 3 0 2 1 2/3 24:40 0:55 1:06
Jonathan Sigalet 1 0 1 -1 0 5 1 2 0 0 0/0 28:16 1:59 1:01
Jordan Hendry 0 1 1 3 0 0 0 1 0 1 0/0 19:04 0:59 0:50
Kyle Lawson 0 0 0 0 0 0 3 0 0 2 0/0 12:00 0:00 0:00
Mike Brown 0 0 0 -2 2 6 1 2 2 0 1/2 20:45 0:47 0:00
Nate Thompson 0 2 2 0 2 2 4 0 1 0 22/45 23:37 0:47 0:03
Nathan Oystrick 0 0 0 0 0 2 1 1 0 0 0/0 12:07 0:00 0:07
Nick Spaling 0 0 0 2 0 0 2 0 0 1 0/0 15:04 1:32 0:00
Pavel Trnka 0 1 1 -1 0 5 0 0 1 0 0/0 28:49 1:59 1:20
Petr Pohl 1 1 2 2 0 5 1 0 0 0 0/0 17:17 1:32 0:11
Radek Bonk 1 0 1 2 0 1 0 0 0 0 8/10 13:56 0:00 0:00
Rich Clune 0 0 0 -1 2 0 0 0 0 0 0/0 7:27 0:31 0:52
3 Stars
1 - Hugh Jessiman (Tex)
2 - Petr Pohl (Det)
3 - Jani Rita (Det)
Power Play
Little Stars - 0 on 2 Attempt(s) - 0,00%
Tamiflu - 0 on 2 Attempt(s) - 0,00%
Penalty Kill
Little Stars - 2 on 2 Attempt(s) - 100,00%
- Score 0 goal in Penalty Kill
Tamiflu - 2 on 2 Attempt(s) - 100,00%
- Score 0 goal in Penalty Kill
Official
Referees : Fraser Kerry and VanMassenhoven Don
Linesman : Mike Cvik and Jay Sharrers
Game Notes
Philippe Sauvé enters game at 16:05 of 1st period
Little Stars
5 vs 5 Forward
Center Left Wing Right Wing Time % Phy DF OF
1 Krys Kolanos Brad Isbister Mark Parrish 40 1 2 2
2 Patrick O'Sullivan Steve Regier Jack Skille 30 1 2 2
3 Tyler Haskins Greg Stewart Hugh Jessiman 20 1 2 2
4 Yanick Lehoux Oskar Osala Matt D'Agostini 10 1 2 2
5 vs 5 Defense
Defense Defense Time % Phy DF OF
1 Boris Valabik Tyler Eckford 40 1 2 2
2 Matt Pelech Jordan Bendfeld 30 1 2 2
3 Paul Postma Boris Valabik 20 1 2 2
4 Tyler Eckford Matt Pelech 10 1 2 2
PowerPlay Forward
Center Left Wing Right Wing Time % Phy DF OF
1 Krys Kolanos Brad Isbister Mark Parrish 60 1 2 2
2 Patrick O'Sullivan Steve Regier Jack Skille 40 1 2 2
PowerPlay Defense
Defense Defense Time % Phy DF OF
1 Boris Valabik Tyler Eckford 60 1 2 2
2 Matt Pelech Jordan Bendfeld 40 1 2 2
Penalty Kill 4 Players Forward
Center Wing Time % Phy DF OF
1 Brad Isbister Steve Regier 60 1 2 2
2 Mark Parrish Greg Stewart 40 1 2 2
Penalty Kill 4 Players Defense
Defense Defense Time % Phy DF OF
1 Boris Valabik Tyler Eckford 60 1 2 2
2 Matt Pelech Jordan Bendfeld 40 1 2 2
Penalty Kill - 3 Players Forward
Forward Time % Phy DF OF
1 Brad Isbister 60 1 2 2
2 Steve Regier 40 1 2 2
Penalty Kill - 3 Players Defense
Defense Defense Time % Phy DF OF
1 Boris Valabik Tyler Eckford 60 1 2 2
2 Matt Pelech Jordan Bendfeld 40 1 2 2
4 vs 4 Forward
Center Wing Time % Phy DF OF
1 Brad Isbister Steve Regier 60 1 2 2
2 Mark Parrish Greg Stewart 40 1 2 2
4 vs 4 Defense
Defense Defense Time % Phy DF OF
1 Boris Valabik Tyler Eckford 60 1 2 2
2 Matt Pelech Jordan Bendfeld 40 1 2 2
Last Minutes Offensive
Center Left Wing Right Wing Defense Defense
Krys Kolanos Brad Isbister Mark Parrish Boris Valabik Tyler Eckford
Last Minutes Defensive
Center Left Wing Right Wing Defense Defense
Krys Kolanos Brad Isbister Mark Parrish Boris Valabik Tyler Eckford
Goaltenders
Starting : Alex Auld
Backup : Philippe Sauvé
Extra Forwards
Normal : Hugh Jessiman, Oskar Osala, Matt D'Agostini - PP : Hugh Jessiman, Oskar Osala - PK : Matt D'Agostini
Extra Defensemen
Normal : Paul Postma, Jordan Bendfeld, Boris Valabik - PP : Paul Postma - PK : Jordan Bendfeld, Boris Valabik
Penalty Shots
Brad Isbister, Steve Regier, Mark Parrish, Greg Stewart, Krys Kolanos
Tamiflu
5 vs 5 Forward
Center Left Wing Right Wing Time % Phy DF OF
1 Nate Thompson Jani Rita Mike Brown 40 0 1 4
2 Radek Bonk Nick Spaling Petr Pohl 30 0 1 4
3 Greg Mauldin Jan Mursak David Clarkson 20 0 2 3
4 Colin Greening Rich Clune Carson Mcmillan 10 0 3 2
5 vs 5 Defense
Defense Defense Time % Phy DF OF
1 Jonathan Sigalet Pavel Trnka 40 0 2 3
2 Freddy Meyer Jordan Hendry 30 0 2 3
3 Nathan Oystrick Kyle Lawson 20 0 3 2
4 Jonathan Sigalet Pavel Trnka 10 0 2 3
PowerPlay Forward
Center Left Wing Right Wing Time % Phy DF OF
1 Nate Thompson Jani Rita Mike Brown 60 0 1 4
2 Greg Mauldin Nick Spaling Petr Pohl 40 0 1 4
PowerPlay Defense
Defense Defense Time % Phy DF OF
1 Jonathan Sigalet Pavel Trnka 60 0 2 3
2 Freddy Meyer Jordan Hendry 40 0 2 3
Penalty Kill 4 Players Forward
Center Wing Time % Phy DF OF
1 Nate Thompson Jani Rita 60 0 4 1
2 Greg Mauldin Carson Mcmillan 40 0 4 1
Penalty Kill 4 Players Defense
Defense Defense Time % Phy DF OF
1 Freddy Meyer Pavel Trnka 60 0 4 1
2 Jonathan Sigalet Jordan Hendry 40 0 4 1
Penalty Kill - 3 Players Forward
Forward Time % Phy DF OF
1 Nate Thompson 60 0 4 1
2 Greg Mauldin 40 0 4 1
Penalty Kill - 3 Players Defense
Defense Defense Time % Phy DF OF
1 Freddy Meyer Pavel Trnka 60 0 4 1
2 Jonathan Sigalet Jordan Hendry 40 0 4 1
4 vs 4 Forward
Center Wing Time % Phy DF OF
1 Nate Thompson Jani Rita 60 0 2 3
2 Greg Mauldin Petr Pohl 40 0 2 3
4 vs 4 Defense
Defense Defense Time % Phy DF OF
1 Jonathan Sigalet Pavel Trnka 60 0 2 3
2 Freddy Meyer Jordan Hendry 40 0 2 3
Last Minutes Offensive
Center Left Wing Right Wing Defense Defense
Nate Thompson Jani Rita Mike Brown Jonathan Sigalet Pavel Trnka
Last Minutes Defensive
Center Left Wing Right Wing Defense Defense
Nate Thompson Jani Rita Carson Mcmillan Freddy Meyer Pavel Trnka
Goaltenders
Starting : Jussi Markkanen
Backup : Corey Crawford
Extra Forwards
Normal : Greg Mauldin, Colin Greening, David Clarkson - PP : David Clarkson, Greg Mauldin - PK : Carson Mcmillan
Extra Defensemen
Normal : Nathan Oystrick, Kyle Lawson, Pavel Trnka - PP : Nathan Oystrick - PK : Nathan Oystrick, Kyle Lawson
Penalty Shots
Radek Bonk, Jan Mursak, Jani Rita, Greg Mauldin, David Clarkson
% Time on Ice - Little Stars
Lines # - Real PCT - Wanted PCT - Time Play
Normal Forward
1 - 36% - 40% - 17:58
2 - 27% - 30% - 13:17
3 - 23% - 20% - 11:28
4 - 14% - 10% - 7:04
Normal Defense
1 - 34% - 40% - 16:49
2 - 36% - 30% - 17:43
3 - 23% - 20% - 11:36
4 - 7% - 10% - 3:39
PP Forward
1 - 53% - 60% - 1:12
2 - 47% - 40% - 1:05
PP Defense
1 - 59% - 60% - 1:21
2 - 41% - 40% - 0:56
PK Forward
1 - 98% - 60% - 2:55
2 - 2% - 40% - 0:03
PK Defense
1 - 66% - 60% - 1:58
2 - 34% - 40% - 1:00
PK3 Forward
1 - 0% - 60%
2 - 0% - 40%
PK3 Defense
1 - 0% - 60%
2 - 0% - 40%
44 Forward
1 - 66% - 60% - 3:18
2 - 34% - 40% - 1:40
44 Defense
1 - 59% - 60% - 2:55
2 - 41% - 40% - 2:03
Last Minute Offensive - 0:00
Last Minute Defensive - 0:00
Total
Forward - 60:00
Defense - 60:00
|
% Time on Ice - Tamiflu
Lines # - Real PCT - Wanted PCT - Time Play
Normal Forward
1 - 40% - 40% - 19:42
2 - 29% - 30% - 14:16
3 - 20% - 20% - 9:45
4 - 12% - 10% - 6:04
Normal Defense
1 - 38% - 40% - 18:49
2 - 31% - 30% - 15:38
3 - 24% - 20% - 12:00
4 - 7% - 10% - 3:20
PP Forward
1 - 48% - 60% - 1:26
2 - 52% - 40% - 1:32
PP Defense
1 - 67% - 60% - 1:59
2 - 33% - 40% - 0:59
PK Forward
1 - 89% - 60% - 2:02
2 - 11% - 40% - 0:15
PK Defense
1 - 64% - 60% - 1:27
2 - 36% - 40% - 0:50
PK3 Forward
1 - 0% - 60%
2 - 0% - 40%
PK3 Defense
1 - 0% - 60%
2 - 0% - 40%
44 Forward
1 - 66% - 60% - 3:16
2 - 34% - 40% - 1:42
44 Defense
1 - 67% - 60% - 3:21
2 - 33% - 40% - 1:37
Last Minute Offensive - 0:00
Last Minute Defensive - 0:00
Total
Forward - 60:00
Defense - 60:00
|
Play by Play
1st period
0:01 of 1st period - Krys Kolanos wins face-off versus Nate Thompson in neutral zone.
0:12 of 1st period - Icing by Boris Valabik.
0:13 of 1st period - Krys Kolanos wins face-off versus Radek Bonk in Little Stars zone.
1:04 of 1st period - Wrist shot by Patrick O'Sullivan.
1:04 of 1st period - Shot Misses the Net.
2:12 of 1st period - Wrist shot by Jani Rita.
2:12 of 1st period - Shot Misses the Net.
2:28 of 1st period - Slapshot by Hugh Jessiman.
2:28 of 1st period - Goal by Hugh Jessiman - Little Stars : 1 - Tamiflu : 0.
2:29 of 1st period - Tyler Haskins wins face-off versus Greg Mauldin in neutral zone.
2:49 of 1st period - Minor Penalty to Mike Brown for Hooking.
2:49 of 1st period - Minor Penalty to Matt Pelech for Tripping.
2:50 of 1st period - Nate Thompson wins face-off versus Steve Regier in Tamiflu zone.
2:57 of 1st period - Slapshot by Jani Rita.
2:57 of 1st period - Deflect By Nate Thompson.
2:57 of 1st period - Shot Misses the Net.
2:57 of 1st period - Puck is out of play.
2:58 of 1st period - Nate Thompson wins face-off versus Brad Isbister in Little Stars zone.
3:01 of 1st period - Snap shot by Jani Rita.
3:01 of 1st period - Shot Blocked by Tyler Eckford.
3:03 of 1st period - Snap shot by Jonathan Sigalet.
3:03 of 1st period - Goal by Jonathan Sigalet - Little Stars : 1 - Tamiflu : 1.
3:04 of 1st period - Brad Isbister wins face-off versus Nate Thompson in neutral zone.
4:24 of 1st period - Icing by Pavel Trnka.
4:25 of 1st period - Steve Regier wins face-off versus Greg Mauldin in Tamiflu zone.
4:40 of 1st period - Greg Mauldin is hit by Boris Valabik and loses puck.
4:49 of 1st period - Penalty to Mike Brown is over, Mike Brown is back on ice.
4:49 of 1st period - Penalty to Matt Pelech is over, Matt Pelech is back on ice.
5:48 of 1st period - Snap shot by Mark Parrish.
5:48 of 1st period - Stopped by Jussi Markkanen without a rebound.
5:49 of 1st period - Nate Thompson wins face-off versus Krys Kolanos in Tamiflu zone.
5:54 of 1st period - Nate Thompson is hit by Mark Parrish and loses puck.
7:06 of 1st period - Snap shot by Petr Pohl.
7:06 of 1st period - Shot Blocked by Boris Valabik.
7:08 of 1st period - Slapshot by Radek Bonk.
7:08 of 1st period - Shot Blocked by Yanick Lehoux.
7:17 of 1st period - Off-side.
7:18 of 1st period - Nate Thompson wins face-off versus Krys Kolanos in neutral zone.
7:28 of 1st period - Nate Thompson is hit by Brad Isbister and loses puck.
7:45 of 1st period - Greg Mauldin is hit by Jack Skille and loses puck.
7:54 of 1st period - Snap shot by Patrick O'Sullivan.
7:54 of 1st period - Shot Blocked by Nathan Oystrick.
8:04 of 1st period - Greg Mauldin is hit by Matt Pelech and loses puck.
8:13 of 1st period - Wrist shot by Yanick Lehoux.
8:13 of 1st period - Stopped by Jussi Markkanen with a rebound.
8:15 of 1st period - Slapshot by Tyler Eckford.
8:15 of 1st period - Shot Blocked by David Clarkson.
8:17 of 1st period - Slapshot by Jordan Bendfeld.
8:17 of 1st period - Shot Blocked by David Clarkson.
8:31 of 1st period - Snap shot by Petr Pohl.
8:31 of 1st period - Shot Misses the Net.
8:33 of 1st period - Slapshot by Nathan Oystrick.
8:33 of 1st period - Stopped by Alex Auld with a rebound.
8:35 of 1st period - Wrist shot by Petr Pohl.
8:35 of 1st period - Shot Misses the Net.
9:26 of 1st period - Icing by Tyler Haskins.
9:27 of 1st period - Radek Bonk wins face-off versus Krys Kolanos in Little Stars zone.
10:22 of 1st period - Snap shot by Greg Mauldin.
10:22 of 1st period - Shot Blocked by Boris Valabik.
10:24 of 1st period - Snap shot by Greg Mauldin.
10:24 of 1st period - Goal by Greg Mauldin - Little Stars : 1 - Tamiflu : 2.
10:25 of 1st period - Nate Thompson wins face-off versus Krys Kolanos in neutral zone.
10:50 of 1st period - Brad Isbister is hit by Jan Mursak and loses puck.
10:55 of 1st period - Slapshot by Pavel Trnka.
10:55 of 1st period - Stopped by Alex Auld with a rebound.
10:57 of 1st period - Wrist shot by David Clarkson.
10:57 of 1st period - Deflect By Greg Mauldin.
10:57 of 1st period - Stopped by Alex Auld with a rebound.
10:59 of 1st period - Slapshot by Pavel Trnka.
10:59 of 1st period - Stopped by Alex Auld with a rebound.
11:01 of 1st period - Slapshot by Pavel Trnka.
11:01 of 1st period - Stopped by Alex Auld with a rebound.
11:03 of 1st period - Wrist shot by Greg Mauldin.
11:03 of 1st period - Stopped by Alex Auld with a rebound.
11:38 of 1st period - Minor Penalty to Rich Clune for Hooking.
11:38 of 1st period - Minor Penalty to Paul Postma for Hooking.
11:39 of 1st period - Nate Thompson wins face-off versus Brad Isbister in Little Stars zone.
11:40 of 1st period - Wrist shot by Jani Rita.
11:40 of 1st period - Goal by Jani Rita - Little Stars : 1 - Tamiflu : 3.
11:41 of 1st period - Brad Isbister wins face-off versus Nate Thompson in neutral zone.
12:18 of 1st period - Snap shot by Mark Parrish.
12:18 of 1st period - Shot Misses the Net.
12:35 of 1st period - Icing by Nate Thompson.
12:36 of 1st period - Brad Isbister wins face-off versus Nate Thompson in Tamiflu zone.
12:51 of 1st period - Steve Regier is hit by Nate Thompson and loses puck.
13:38 of 1st period - Penalty to Rich Clune is over, Rich Clune is back on ice.
13:38 of 1st period - Penalty to Paul Postma is over, Paul Postma is back on ice.
13:38 of 1st period - Slapshot by Hugh Jessiman.
13:38 of 1st period - Goal by Hugh Jessiman - Little Stars : 2 - Tamiflu : 3.
13:39 of 1st period - Radek Bonk wins face-off versus Krys Kolanos in neutral zone.
13:58 of 1st period - Pavel Trnka is hit by Brad Isbister and loses puck.
14:08 of 1st period - Off-side.
14:09 of 1st period - Nate Thompson wins face-off versus Steve Regier in neutral zone.
14:22 of 1st period - Wrist shot by Mike Brown.
14:22 of 1st period - Shot Blocked by Boris Valabik.
14:24 of 1st period - Wrist shot by Mike Brown.
14:24 of 1st period - Deflect By Jani Rita.
14:24 of 1st period - Stopped by Alex Auld with a rebound.
15:10 of 1st period - Mark Parrish is hit by Kyle Lawson and loses puck.
15:37 of 1st period - Wrist shot by Mark Parrish.
15:37 of 1st period - Stopped by Jussi Markkanen with a rebound.
15:39 of 1st period - Snap shot by Brad Isbister.
15:39 of 1st period - Stopped by Jussi Markkanen without a rebound.
15:40 of 1st period - Tyler Haskins wins face-off versus Nate Thompson in Tamiflu zone.
16:05 of 1st period - Slapshot by Petr Pohl.
16:05 of 1st period - Goal by Petr Pohl - Little Stars : 2 - Tamiflu : 4.
16:05 of 1st period - Philippe Sauvé enters game.
16:06 of 1st period - Nate Thompson wins face-off versus Krys Kolanos in neutral zone.
16:08 of 1st period - Off-side.
16:09 of 1st period - Nate Thompson wins face-off versus Krys Kolanos in neutral zone.
16:12 of 1st period - Wrist shot by Brad Isbister.
16:12 of 1st period - Stopped by Jussi Markkanen with a rebound.
16:14 of 1st period - Snap shot by Mark Parrish.
16:14 of 1st period - Shot Misses the Net.
16:20 of 1st period - Snap shot by Krys Kolanos.
16:20 of 1st period - Shot Misses the Net.
16:22 of 1st period - Snap shot by Mark Parrish.
16:22 of 1st period - Stopped by Jussi Markkanen with a rebound.
16:36 of 1st period - Slapshot by Jonathan Sigalet.
16:36 of 1st period - Stopped by Philippe Sauvé without a rebound.
16:37 of 1st period - Radek Bonk wins face-off versus Patrick O'Sullivan in Little Stars zone.
16:50 of 1st period - Slapshot by Jack Skille.
16:50 of 1st period - Stopped by Jussi Markkanen without a rebound.
16:51 of 1st period - Jani Rita wins face-off versus Mark Parrish in Tamiflu zone.
17:03 of 1st period - Icing by Mark Parrish.
17:04 of 1st period - Krys Kolanos wins face-off versus Nate Thompson in Little Stars zone.
17:49 of 1st period - Snap shot by Krys Kolanos.
17:49 of 1st period - Shot Blocked by Jonathan Sigalet.
17:51 of 1st period - Snap shot by Brad Isbister.
17:51 of 1st period - Shot Misses the Net.
17:53 of 1st period - Snap shot by Krys Kolanos.
17:53 of 1st period - Deflect By Brad Isbister.
17:53 of 1st period - Stopped by Jussi Markkanen with a rebound.
17:55 of 1st period - Wrist shot by Mark Parrish.
17:55 of 1st period - Shot Misses the Net.
17:57 of 1st period - Slapshot by Jordan Bendfeld.
17:57 of 1st period - Shot Blocked by Greg Mauldin.
17:59 of 1st period - Slapshot by Matt Pelech.
17:59 of 1st period - Stopped by Jussi Markkanen without a rebound.
18:00 of 1st period - Nate Thompson wins face-off versus Patrick O'Sullivan in Tamiflu zone.
18:04 of 1st period - Off-side.
18:05 of 1st period - Nate Thompson wins face-off versus Patrick O'Sullivan in neutral zone.
18:08 of 1st period - Snap shot by Mike Brown.
18:08 of 1st period - Stopped by Philippe Sauvé without a rebound.
18:09 of 1st period - Nate Thompson wins face-off versus Patrick O'Sullivan in Little Stars zone.
18:10 of 1st period - Snap shot by Mike Brown.
18:10 of 1st period - Stopped by Philippe Sauvé without a rebound.
18:11 of 1st period - Nate Thompson wins face-off versus Patrick O'Sullivan in Little Stars zone.
19:08 of 1st period - Slapshot by Greg Mauldin.
19:08 of 1st period - Stopped by Philippe Sauvé without a rebound.
19:09 of 1st period - Nate Thompson wins face-off versus Patrick O'Sullivan in Little Stars zone.
19:10 of 1st period - Slapshot by Jani Rita.
19:10 of 1st period - Stopped by Philippe Sauvé without a rebound.
19:11 of 1st period - Nate Thompson wins face-off versus Patrick O'Sullivan in Little Stars zone.
19:22 of 1st period - Snap shot by Patrick O'Sullivan.
19:22 of 1st period - Stopped by Jussi Markkanen with a rebound.
19:36 of 1st period - Jani Rita is hit by Tyler Haskins and loses puck.
19:43 of 1st period - Slapshot by Hugh Jessiman.
19:43 of 1st period - Shot Misses the Net.
19:45 of 1st period - Slapshot by Boris Valabik.
19:45 of 1st period - Deflect By Mike Brown.
19:45 of 1st period - Stopped by Jussi Markkanen with a rebound.
19:47 of 1st period - Snap shot by Tyler Haskins.
19:47 of 1st period - Shot Blocked by Mike Brown.
19:49 of 1st period - Snap shot by Greg Stewart.
19:49 of 1st period - Shot Misses the Net.
19:59 of 1st period - Pavel Trnka is hit by Mark Parrish and loses puck.
2nd period
0:01 of 2nd period - Nate Thompson wins face-off versus Krys Kolanos in neutral zone.
0:25 of 2nd period - Jack Skille is hit by Nick Spaling and loses puck.
1:06 of 2nd period - Backhand shot by Matt Pelech.
1:06 of 2nd period - Stopped by Jussi Markkanen with a rebound.
1:08 of 2nd period - Snap shot by Oskar Osala.
1:08 of 2nd period - Shot Misses the Net.
1:10 of 2nd period - Snap shot by Oskar Osala.
1:10 of 2nd period - Stopped by Jussi Markkanen without a rebound.
1:11 of 2nd period - Yanick Lehoux wins face-off versus Nate Thompson in Tamiflu zone.
1:12 of 2nd period - Snap shot by Oskar Osala.
1:12 of 2nd period - Deflect By Jani Rita.
1:12 of 2nd period - Stopped by Jussi Markkanen with a rebound.
1:22 of 2nd period - Nate Thompson is hit by Yanick Lehoux and loses puck.
1:36 of 2nd period - Radek Bonk is hit by Mark Parrish and loses puck.
2:00 of 2nd period - Wrist shot by David Clarkson.
2:00 of 2nd period - Stopped by Philippe Sauvé with a rebound.
2:02 of 2nd period - Snap shot by Greg Mauldin.
2:02 of 2nd period - Shot Misses the Net.
2:04 of 2nd period - Wrist shot by Jan Mursak.
2:04 of 2nd period - Stopped by Philippe Sauvé with a rebound.
2:06 of 2nd period - Slapshot by Freddy Meyer.
2:06 of 2nd period - Deflect By Greg Mauldin.
2:06 of 2nd period - Stopped by Philippe Sauvé with a rebound.
2:08 of 2nd period - Wrist shot by Greg Mauldin.
2:08 of 2nd period - Shot Blocked by Boris Valabik.
2:46 of 2nd period - Snap shot by Oskar Osala.
2:46 of 2nd period - Shot Misses the Net.
2:48 of 2nd period - Slapshot by Tyler Eckford.
2:48 of 2nd period - Deflect By Oskar Osala.
2:48 of 2nd period - Shot Misses the Net.
2:48 of 2nd period - Puck is out of play.
2:49 of 2nd period - Krys Kolanos wins face-off versus Carson Mcmillan in Tamiflu zone.
2:52 of 2nd period - Wrist shot by Brad Isbister.
2:52 of 2nd period - Stopped by Jussi Markkanen without a rebound.
2:53 of 2nd period - Nate Thompson wins face-off versus Krys Kolanos in Tamiflu zone.
3:02 of 2nd period - Slapshot by Brad Isbister.
3:02 of 2nd period - Stopped by Jussi Markkanen without a rebound.
3:03 of 2nd period - Jani Rita wins face-off versus Krys Kolanos in Tamiflu zone.
3:07 of 2nd period - Icing by Nate Thompson.
3:08 of 2nd period - Krys Kolanos wins face-off versus Nate Thompson in Tamiflu zone.
3:46 of 2nd period - Slapshot by Matt Pelech.
3:46 of 2nd period - Stopped by Jussi Markkanen with a rebound.
4:44 of 2nd period - Slapshot by Pavel Trnka.
4:44 of 2nd period - Shot Blocked by Brad Isbister.
4:46 of 2nd period - Slapshot by Pavel Trnka.
4:46 of 2nd period - Shot Misses the Net.
4:58 of 2nd period - Backhand shot by Petr Pohl.
4:58 of 2nd period - Shot Blocked by Matt Pelech.
5:18 of 2nd period - Patrick O'Sullivan is hit by Jan Mursak and loses puck.
5:30 of 2nd period - Tyler Eckford is hit by David Clarkson and loses puck.
5:43 of 2nd period - Wrist shot by Jani Rita.
5:43 of 2nd period - Shot Misses the Net.
5:45 of 2nd period - Wrist shot by Nate Thompson.
5:45 of 2nd period - Shot Blocked by Matt D'Agostini.
6:00 of 2nd period - Wrist shot by Krys Kolanos.
6:00 of 2nd period - Shot Blocked by Jordan Hendry.
6:02 of 2nd period - Snap shot by Mark Parrish.
6:02 of 2nd period - Shot Misses the Net.
6:19 of 2nd period - Icing by Freddy Meyer.
6:20 of 2nd period - Colin Greening wins face-off versus Tyler Haskins in Tamiflu zone.
6:31 of 2nd period - Slapshot by Greg Stewart.
6:31 of 2nd period - Stopped by Jussi Markkanen without a rebound.
6:32 of 2nd period - Krys Kolanos wins face-off versus Nate Thompson in Tamiflu zone.
6:35 of 2nd period - Snap shot by Krys Kolanos.
6:35 of 2nd period - Stopped by Jussi Markkanen with a rebound.
6:47 of 2nd period - Snap shot by Mark Parrish.
6:47 of 2nd period - Shot Misses the Net.
6:57 of 2nd period - Nathan Oystrick is hit by Boris Valabik and loses puck.
7:26 of 2nd period - Wrist shot by Patrick O'Sullivan.
7:26 of 2nd period - Shot Misses the Net.
8:22 of 2nd period - Snap shot by Radek Bonk.
8:22 of 2nd period - Goal by Radek Bonk - Little Stars : 2 - Tamiflu : 5.
8:23 of 2nd period - Radek Bonk wins face-off versus Krys Kolanos in neutral zone.
8:26 of 2nd period - Krys Kolanos is hit by Petr Pohl and loses puck.
8:54 of 2nd period - Wrist shot by Patrick O'Sullivan.
8:54 of 2nd period - Stopped by Jussi Markkanen without a rebound.
8:55 of 2nd period - Patrick O'Sullivan wins face-off versus Nate Thompson in Tamiflu zone.
10:09 of 2nd period - Snap shot by Greg Mauldin.
10:09 of 2nd period - Shot Misses the Net.
10:11 of 2nd period - Wrist shot by Greg Mauldin.
10:11 of 2nd period - Shot Blocked by Jordan Bendfeld.
10:13 of 2nd period - Wrist shot by David Clarkson.
10:13 of 2nd period - Shot Misses the Net.
10:15 of 2nd period - Slapshot by Freddy Meyer.
10:15 of 2nd period - Goal by Freddy Meyer - Little Stars : 2 - Tamiflu : 6.
10:16 of 2nd period - Radek Bonk wins face-off versus Krys Kolanos in neutral zone.
10:25 of 2nd period - Wrist shot by Pavel Trnka.
10:25 of 2nd period - Deflect By Brad Isbister.
10:25 of 2nd period - Stopped by Philippe Sauvé with a rebound.
10:27 of 2nd period - Snap shot by Jonathan Sigalet.
10:27 of 2nd period - Stopped by Philippe Sauvé without a rebound.
10:28 of 2nd period - Krys Kolanos wins face-off versus Nate Thompson in Little Stars zone.
10:28 of 2nd period - Krys Kolanos is hit by Jani Rita.
10:54 of 2nd period - Jonathan Sigalet is hit by Steve Regier and loses puck.
11:05 of 2nd period - Slapshot by Patrick O'Sullivan.
11:05 of 2nd period - Stopped by Jussi Markkanen with a rebound.
11:07 of 2nd period - Wrist shot by Matt Pelech.
11:07 of 2nd period - Stopped by Jussi Markkanen without a rebound.
11:08 of 2nd period - Tyler Haskins wins face-off versus Nate Thompson in Tamiflu zone.
11:15 of 2nd period - Wrist shot by Tyler Haskins.
11:15 of 2nd period - Shot Hit the Post.
11:45 of 2nd period - Slapshot by Mark Parrish.
11:45 of 2nd period - Stopped by Jussi Markkanen with a rebound.
12:17 of 2nd period - Patrick O'Sullivan is hit by David Clarkson and loses puck.
12:38 of 2nd period - Wrist shot by Jani Rita.
12:38 of 2nd period - Shot Blocked by Tyler Eckford.
12:40 of 2nd period - Wrist shot by Mike Brown.
12:40 of 2nd period - Shot Blocked by Tyler Eckford.
13:00 of 2nd period - Snap shot by Colin Greening.
13:00 of 2nd period - Stopped by Philippe Sauvé with a rebound.
13:02 of 2nd period - Snap shot by Freddy Meyer.
13:02 of 2nd period - Shot Hit the Post.
13:04 of 2nd period - Snap shot by Rich Clune.
13:04 of 2nd period - Shot Misses the Net.
13:38 of 2nd period - Snap shot by Nate Thompson.
13:38 of 2nd period - Stopped by Philippe Sauvé without a rebound.
13:39 of 2nd period - Patrick O'Sullivan wins face-off versus Nate Thompson in Little Stars zone.
13:44 of 2nd period - Kyle Lawson is hit by Jack Skille and loses puck.
14:05 of 2nd period - Brad Isbister is hit by Nathan Oystrick and loses puck.
14:14 of 2nd period - Petr Pohl is hit by Mark Parrish and loses puck.
14:31 of 2nd period - Nathan Oystrick is hit by Matt Pelech.
14:47 of 2nd period - Snap shot by Tyler Haskins.
14:47 of 2nd period - Shot Misses the Net.
14:49 of 2nd period - Snap shot by Matt Pelech.
14:49 of 2nd period - Shot Blocked by Jonathan Sigalet.
15:11 of 2nd period - Matt Pelech is hit by Nate Thompson and loses puck.
15:24 of 2nd period - Snap shot by Petr Pohl.
15:24 of 2nd period - Stopped by Philippe Sauvé with a rebound.
15:37 of 2nd period - Off-side.
15:38 of 2nd period - Greg Mauldin wins face-off versus Krys Kolanos in neutral zone.
15:45 of 2nd period - Slapshot by Greg Mauldin.
15:45 of 2nd period - Stopped by Philippe Sauvé without a rebound.
15:46 of 2nd period - Krys Kolanos wins face-off versus Nate Thompson in Little Stars zone.
15:46 of 2nd period - Krys Kolanos is hit by Kyle Lawson.
16:12 of 2nd period - Nathan Oystrick is hit by Patrick O'Sullivan and loses puck.
16:19 of 2nd period - Snap shot by Patrick O'Sullivan.
16:19 of 2nd period - Stopped by Jussi Markkanen with a rebound.
16:21 of 2nd period - Snap shot by Steve Regier.
16:21 of 2nd period - Shot Misses the Net.
16:23 of 2nd period - Snap shot by Steve Regier.
16:23 of 2nd period - Stopped by Jussi Markkanen with a rebound.
16:33 of 2nd period - Greg Stewart is hit by Kyle Lawson and loses puck.
16:40 of 2nd period - Nathan Oystrick is hit by Jordan Bendfeld and loses puck.
17:18 of 2nd period - Snap shot by Jani Rita.
17:18 of 2nd period - Deflect By Mike Brown.
17:18 of 2nd period - Shot Misses the Net.
17:18 of 2nd period - Puck is out of play.
17:19 of 2nd period - Krys Kolanos wins face-off versus Jani Rita in Little Stars zone.
17:30 of 2nd period - Snap shot by Brad Isbister.
17:30 of 2nd period - Deflect By Krys Kolanos.
17:30 of 2nd period - Stopped by Jussi Markkanen without a rebound.
17:31 of 2nd period - Nate Thompson wins face-off versus Krys Kolanos in Tamiflu zone.
17:38 of 2nd period - Snap shot by Jani Rita.
17:38 of 2nd period - Stopped by Philippe Sauvé without a rebound.
17:39 of 2nd period - Krys Kolanos wins face-off versus Nate Thompson in Little Stars zone.
17:39 of 2nd period - Krys Kolanos is hit by Jani Rita.
17:45 of 2nd period - Krys Kolanos is hit by Jonathan Sigalet and loses puck.
18:15 of 2nd period - Off-side.
18:16 of 2nd period - Mark Parrish wins face-off versus Nate Thompson in neutral zone.
18:25 of 2nd period - Wrist shot by Krys Kolanos.
18:25 of 2nd period - Shot Blocked by Mike Brown.
18:27 of 2nd period - Slapshot by Krys Kolanos.
18:27 of 2nd period - Stopped by Jussi Markkanen without a rebound.
18:28 of 2nd period - Krys Kolanos wins face-off versus Nate Thompson in Tamiflu zone.
18:53 of 2nd period - Pavel Trnka is hit by Jack Skille and loses puck.
19:03 of 2nd period - Icing by Pavel Trnka.
19:04 of 2nd period - Radek Bonk wins face-off versus Krys Kolanos in Tamiflu zone.
19:35 of 2nd period - Wrist shot by Nate Thompson.
19:35 of 2nd period - Stopped by Philippe Sauvé with a rebound.
19:51 of 2nd period - Freddy Meyer is hit by Matt Pelech and loses puck.
3rd period
0:01 of 3rd period - Krys Kolanos wins face-off versus Nate Thompson in neutral zone.
0:16 of 3rd period - Tyler Eckford is hit by Nate Thompson and loses puck.
1:59 of 3rd period - Petr Pohl is hit by Krys Kolanos and loses puck.
2:30 of 3rd period - Slapshot by Tyler Eckford.
2:30 of 3rd period - Deflect By Oskar Osala.
2:30 of 3rd period - Goal by Oskar Osala - Little Stars : 3 - Tamiflu : 6.
2:31 of 3rd period - Brad Isbister wins face-off versus Nate Thompson in neutral zone.
3:27 of 3rd period - Wrist shot by Petr Pohl.
3:27 of 3rd period - Stopped by Philippe Sauvé without a rebound.
3:28 of 3rd period - Mark Parrish wins face-off versus Radek Bonk in Little Stars zone.
3:44 of 3rd period - Kyle Lawson is hit by Boris Valabik and loses puck.
3:55 of 3rd period - Steve Regier is hit by David Clarkson.
3:59 of 3rd period - David Clarkson is hit by Jordan Bendfeld and loses puck.
4:20 of 3rd period - Icing by Pavel Trnka.
4:21 of 3rd period - Yanick Lehoux wins face-off versus Greg Mauldin in Tamiflu zone.
4:22 of 3rd period - Snap shot by Oskar Osala.
4:22 of 3rd period - Shot Blocked by David Clarkson.
4:32 of 3rd period - Slapshot by Jonathan Sigalet.
4:32 of 3rd period - Shot Blocked by Yanick Lehoux.
4:34 of 3rd period - Slapshot by Jan Mursak.
4:34 of 3rd period - Stopped by Philippe Sauvé with a rebound.
4:36 of 3rd period - Snap shot by Jonathan Sigalet.
4:36 of 3rd period - Shot Misses the Net.
4:46 of 3rd period - Slapshot by Jonathan Sigalet.
4:46 of 3rd period - Stopped by Philippe Sauvé without a rebound.
4:47 of 3rd period - Nate Thompson wins face-off versus Krys Kolanos in Little Stars zone.
4:48 of 3rd period - Wrist shot by Mike Brown.
4:48 of 3rd period - Shot Misses the Net.
5:12 of 3rd period - Matt Pelech is hit by Nick Spaling and loses puck.
5:21 of 3rd period - Wrist shot by Jack Skille.
5:21 of 3rd period - Shot Misses the Net.
5:28 of 3rd period - Icing by Freddy Meyer.
5:29 of 3rd period - Tyler Haskins wins face-off versus Carson Mcmillan in Tamiflu zone.
6:19 of 3rd period - Slapshot by Petr Pohl.
6:19 of 3rd period - Stopped by Philippe Sauvé without a rebound.
6:20 of 3rd period - Radek Bonk wins face-off versus Patrick O'Sullivan in Little Stars zone.
7:05 of 3rd period - Jan Mursak is hit by Tyler Haskins and loses puck.
7:31 of 3rd period - Off-side.
7:32 of 3rd period - Krys Kolanos wins face-off versus Nate Thompson in neutral zone.
9:06 of 3rd period - Mike Brown is hit by Mark Parrish and loses puck.
9:15 of 3rd period - Jordan Hendry is hit by Brad Isbister and loses puck.
9:28 of 3rd period - Snap shot by Petr Pohl.
9:28 of 3rd period - Shot Misses the Net.
9:34 of 3rd period - Nick Spaling is hit by Jack Skille and loses puck.
10:07 of 3rd period - Snap shot by Yanick Lehoux.
10:07 of 3rd period - Stopped by Jussi Markkanen with a rebound.
10:09 of 3rd period - Slapshot by Paul Postma.
10:09 of 3rd period - Shot Misses the Net.
10:11 of 3rd period - Snap shot by Paul Postma.
10:11 of 3rd period - Deflect By Matt D'Agostini.
10:11 of 3rd period - Goal by Matt D'Agostini - Little Stars : 4 - Tamiflu : 6.
10:12 of 3rd period - Nate Thompson wins face-off versus Krys Kolanos in neutral zone.
10:15 of 3rd period - Slapshot by Mike Brown.
10:15 of 3rd period - Shot Blocked by Tyler Eckford.
10:19 of 3rd period - Snap shot by Mike Brown.
10:19 of 3rd period - Stopped by Philippe Sauvé without a rebound.
10:20 of 3rd period - Krys Kolanos wins face-off versus Nate Thompson in Little Stars zone.
10:25 of 3rd period - Jonathan Sigalet is hit by Krys Kolanos and loses puck.
10:34 of 3rd period - Boris Valabik is hit by Jani Rita and loses puck.
11:12 of 3rd period - Wrist shot by Greg Stewart.
11:12 of 3rd period - Stopped by Jussi Markkanen with a rebound.
11:14 of 3rd period - Slapshot by Matt Pelech.
11:14 of 3rd period - Stopped by Jussi Markkanen without a rebound.
11:15 of 3rd period - Krys Kolanos wins face-off versus Mike Brown in Tamiflu zone.
11:21 of 3rd period - Minor Penalty to Nate Thompson for Tripping.
11:22 of 3rd period - Krys Kolanos wins face-off versus Carson Mcmillan in Tamiflu zone.
11:27 of 3rd period - Snap shot by Mark Parrish.
11:27 of 3rd period - Shot Blocked by Carson Mcmillan.
11:29 of 3rd period - Slapshot by Brad Isbister.
11:29 of 3rd period - Deflect By Freddy Meyer.
11:29 of 3rd period - Stopped by Jussi Markkanen without a rebound.
11:30 of 3rd period - Krys Kolanos wins face-off versus Carson Mcmillan in Tamiflu zone.
11:33 of 3rd period - Slapshot by Brad Isbister.
11:33 of 3rd period - Shot Misses the Net.
11:35 of 3rd period - Snap shot by Brad Isbister.
11:35 of 3rd period - Shot Misses the Net.
13:21 of 3rd period - Penalty to Nate Thompson is over, Nate Thompson is back on ice.
13:28 of 3rd period - Slapshot by Greg Mauldin.
13:28 of 3rd period - Shot Blocked by Brad Isbister.
13:30 of 3rd period - Slapshot by Freddy Meyer.
13:30 of 3rd period - Deflect By Hugh Jessiman.
13:30 of 3rd period - Stopped by Philippe Sauvé with a rebound.
13:32 of 3rd period - Slapshot by Freddy Meyer.
13:32 of 3rd period - Shot Blocked by Tyler Eckford.
13:34 of 3rd period - Snap shot by Greg Mauldin.
13:34 of 3rd period - Stopped by Philippe Sauvé without a rebound.
13:35 of 3rd period - Radek Bonk wins face-off versus Yanick Lehoux in Little Stars zone.
13:57 of 3rd period - Icing by Oskar Osala.
13:58 of 3rd period - Mike Brown wins face-off versus Tyler Haskins in Little Stars zone.
14:25 of 3rd period - Matt Pelech is hit by Mike Brown.
15:04 of 3rd period - Snap shot by Mike Brown.
15:04 of 3rd period - Stopped by Philippe Sauvé with a rebound.
15:06 of 3rd period - Snap shot by Mike Brown.
15:06 of 3rd period - Stopped by Philippe Sauvé with a rebound.
15:08 of 3rd period - Slapshot by Mike Brown.
15:08 of 3rd period - Stopped by Philippe Sauvé with a rebound.
15:10 of 3rd period - Snap shot by Nathan Oystrick.
15:10 of 3rd period - Stopped by Philippe Sauvé with a rebound.
15:17 of 3rd period - Minor Penalty to Jordan Bendfeld for Hooking.
15:18 of 3rd period - Brad Isbister wins face-off versus Greg Mauldin in Little Stars zone.
16:01 of 3rd period - Slapshot by Jordan Hendry.
16:01 of 3rd period - Shot Blocked by Matt D'Agostini.
17:17 of 3rd period - Penalty to Jordan Bendfeld is over, Jordan Bendfeld is back on ice.
17:42 of 3rd period - Minor Penalty to Matt Pelech for Hooking.
17:43 of 3rd period - Brad Isbister wins face-off versus Nate Thompson in Little Stars zone.
17:43 of 3rd period - Brad Isbister is hit by Nate Thompson.
18:05 of 3rd period - Snap shot by Petr Pohl.
18:05 of 3rd period - Stopped by Philippe Sauvé without a rebound.
18:06 of 3rd period - Greg Mauldin wins face-off versus Brad Isbister in Little Stars zone.
18:07 of 3rd period - Wrist shot by Petr Pohl.
18:07 of 3rd period - Shot Misses the Net.
18:09 of 3rd period - Slapshot by Nick Spaling.
18:09 of 3rd period - Deflect By Petr Pohl.
18:09 of 3rd period - Shot Misses the Net.
18:09 of 3rd period - Puck is out of play.
18:10 of 3rd period - Nate Thompson wins face-off versus Brad Isbister in Little Stars zone.
18:38 of 3rd period - Icing by Pavel Trnka.
18:39 of 3rd period - Brad Isbister wins face-off versus Greg Mauldin in Tamiflu zone.
18:41 of 3rd period - Minor Penalty to Greg Mauldin for Roughing.
18:42 of 3rd period - Brad Isbister wins face-off versus Nate Thompson in Tamiflu zone.
18:51 of 3rd period - Backhand shot by Jonathan Sigalet.
18:51 of 3rd period - Deflect By Tyler Eckford.
18:51 of 3rd period - Stopped by Philippe Sauvé with a rebound.
18:53 of 3rd period - Snap shot by Pavel Trnka.
18:53 of 3rd period - Stopped by Philippe Sauvé without a rebound.
18:54 of 3rd period - Nate Thompson wins face-off versus Brad Isbister in Little Stars zone.
19:42 of 3rd period - Penalty to Matt Pelech is over, Matt Pelech is back on ice.
19:45 of 3rd period - Wrist shot by Petr Pohl.
19:45 of 3rd period - Shot Blocked by Paul Postma.
19:49 of 3rd period - Slapshot by Pavel Trnka.
19:49 of 3rd period - Shot Blocked by Paul Postma.
19:56 of 3rd period - Icing by Paul Postma.
19:57 of 3rd period - Colin Greening wins face-off versus Mark Parrish in Little Stars zone.
Output by the SimonT Hockey Simulator (STHS) for François Prévost -- Original Page W3C XHTML 1.0 Valid